 Dungeon Crawl Stone Soup version 0.26-a0-597-gb535b0901c (webtiles) character file.

Game seed: 12848877927857519301

43 Descartes the Ducker (level 3, -1/15 HPs)
             Began as a Felid Transmuter on Aug 26, 2020.
             Slain by a goblin
             ... wielding a +0 club
              (2 damage)
             ... on level 2 of the Dungeon.
             The game lasted 00:01:13 (1178 turns).

Descartes the Ducker (Felid Transmuter)             Turns: 1178, Time: 00:01:14

Health: -1/15      AC:  1    Str:  7    XL:     3   Next: 37%
Magic:  7/7        EV: 19    Int: 14    God:
Gold:   131        SH:  0    Dex: 16    Spells: 5/6 levels left
                                        Lives:  0   Deaths: 0

rFire    . . .     SeeInvis +     - Unarmed
rCold    . . .     Faith    .   (shield unavailable)
rNeg     . . .     Spirit   .   (armour unavailable)
rPois    .         Reflect  .   (helmet unavailable)
rElec    .         Harm     .   (cloak unavailable)
rCorr    .                      (gloves unavailable)
MR       .....                  (boots unavailable)
Stlth    ++........             (no amulet)
HPRegen  0.05/turn              (no ring)
MPRegen  0.10/turn              (no ring)

@: quick
A: very small, no armour, no weapons or thrown items, stealth, claws 1, fangs 3,
see invisible, speed 1, shaggy fur 1, sharp paws
a: no special abilities


You were on level 2 of the Dungeon.
You visited 1 branch of the dungeon, and saw 2 of its levels.

You collected 131 gold pieces.

Inventory:

Jewellery
 c - an uncursed ring of poison resistance {unknown}
Scrolls
 b - a scroll of amnesia {unknown}
 d - a scroll of identify {unknown}
 e - a scroll of immolation {unknown}
 h - a scroll of noise {unknown}
 i - a scroll of random uselessness {unknown}
Potions
 a - a potion of haste {unknown}
 f - a potion of mutation {unknown}
 g - a potion of stabbing {unknown}


   Skills:
 - Level 1.0 Fighting
 + Level 3.4 Dodging
 + Level 2.0 Stealth
 + Level 3.4 Unarmed Combat
 - Level 2.0 Spellcasting
 + Level 2.8 Transmutations


You had 5 spell levels left.
You knew the following spells:

 Your Spells              Type           Power        Failure   Level
a - Beastly Appendage     Tmut           #.....       8%          1

Your spell library contained the following spells:

 Spells                   Type           Power        Failure   Level
 Wereblood                Tmut           #.......     11%         2
 Spider Form              Tmut/Pois      #.........   36%         3
 Ice Form                 Ice/Tmut       #.......     78%         4
 Blade Hands              Tmut           #.........   90%         5


Dungeon Overview and Level Annotations

Branches:
Dungeon (2/15)

Altars:


Innate Abilities, Weirdness & Mutations

You cannot wear armour.
You are incapable of wielding weapons or throwing items.
Your paws allow you to move quietly. (Stealth)
You have sharp claws.
You have razor-sharp teeth.
You have supernaturally acute eyesight. (SInv)
You cover ground quickly.
You are covered in fur. (AC +1)
Your sharp claws are effective at attacking unaware monsters.


Message History

You are too injured to fight recklessly!
You are too injured to fight recklessly!
You are too injured to fight recklessly!
You are too injured to fight recklessly!
You are too injured to fight recklessly!
You are too injured to fight recklessly!
You are too injured to fight recklessly!
You are too injured to fight recklessly!
You are too injured to fight recklessly!
You are too injured to fight recklessly!
You are too injured to fight recklessly!
You closely miss the goblin.
You feel sick.
You are no longer poisoned.
The goblin hits you with a +0 club.
* * * LOW HITPOINT WARNING * * *
You closely miss the goblin. The goblin misses you.
You scratch the goblin. Your bite misses the goblin.
The goblin is heavily wounded.
The goblin hits you with a +0 club.
You die...

..... #.####...... #.#.#
#.... ...... #.#.#
#...##......
#####.#.#######†.........
.#.......................
...##...#######...†......
.....)...................
#........?.....####....
##.........#..@..# ...
#............g#......
#............$.....##
#.............###....
#.........##..# (##.
####............... .
.............#..#.# .
...#...#..#####.#.##.#......
.†...#.#...# #......##.....


You could see a goblin.

Vanquished Creatures
  An adder (D:2)
  An ooze (D:1)
  A dart slug (D:1)
  A ball python (D:1)
  6 bats
  2 giant cockroaches
  2 goblins (D:1)
  5 hobgoblins (D:1)
  A quokka (D:2)
  2 frilled lizards
  5 rats (D:1)
27 creatures vanquished.

Notes
Turn   | Place    | Note
-------+----------+-------------------------------------------
     0 | D:1      | Descartes the Felid Transmuter began the quest for the Orb.
     0 | D:1      | Reached XP level 1. HP: 9/9 MP: 4/4
   129 | D:1      | Reached skill level 1 in Stealth
   147 | D:1      | Reached XP level 2. HP: 12/12 MP: 6/6
   802 | D:1      | Reached XP level 3. HP: 11/15 MP: 7/7
  1178 | D:2      | Slain by a goblin

Illustrated notes

Levels and vault maps discovered:
D:1:      co_arrival_random_square_maze, layout_loops_corners, minivault_26
D:2:      layout_rooms, nicolae_qazlal_eye_of_the_storm

Skill      XL: |  1  2  3 |
---------------+----------+-----
Stealth        | 1 2 |  2.0
Dodging        | 3 |  3.4
Fighting       | |  1.0
Unarmed Combat | |  3.4
Spellcasting   | |  2.0
Transmutations | |  2.8

Action                   || total
-------------------------++-------
Melee: Unarmed           ||    72
       Bite              ||     8
       Punch             ||     1
 Stab: Sleeping          ||    10
Armor: Skin              ||     4
Dodge: Dodged            ||    50

Table legend: (Time is in decaauts)
 A = Elapsed time spent in this place.
 B = Non-inter-level travel time spent in this place.
 C = Inter-level travel time spent in this place.
 D = Time resting spent in this place.
 E = Time spent auto-exploring this place.
 F = Levels seen in this place.
 G = Mean time per level.
                   A        B        C        D        E       F      G
               +--------+--------+--------+--------+--------+-----+--------+
         Total |    995 |    968 |     27 |      0 |    815 |   2 |  497.5 |
       Dungeon |    995 |    968 |     27 |      0 |    815 |   2 |  497.5 |
               +--------+--------+--------+--------+--------+-----+--------+

Top non-repeatable levels by time:
     D:1: 853 daAuts
     D:2: 141 daAuts
